cohdb
Replays
Latest Replays
All Replays
Popular Replays
Top Player Replays
Match Explorer
How It Works
Community
CoH3 Stats
Reddit
Sign in to upload your games and track your stats! →
Sign in with Steam
Match 41694996
Unlisted
Match 41694996
Overview
Messages
Build Orders
End
Kettenkrad Recon Vehicle
Construct Infanterie Kompanie
Selects Mechanized Battlegroup
Grenadier Squad
MG 42 Machine Gun Team
Grenadier Squad
Kettenkrad Recon Vehicle
Medical Station
Selects Mobile Repair Stations
Construct Panzergrenadier Kompanie
Panzergrenadier Squad
Pak 40 Anti-tank Gun Team
MG 42 Machine Gun Team
Selects Wespe Self-propelled Artillery
Wespe Self-propelled Artillery
Support Elements
StuG III G Assault Gun
Panzergrenadier Squad
Pioneer Squad
[HK] Krom !
Lusignan
Sarmynation
Hidzaro
0
0
Comments
sign in to comment!
No comments posted yet!